 Dungeon Crawl Stone Soup version 0.27.0-66-gdc8fb28755 (webtiles) character file.

Game seed: 8486828017357569360

382 mandarbmax the Ruffian (level 6, -8/55 (57) HPs)
             Began as a Troll Gladiator on Aug 20, 2021.
             Mangled by Crazy Yiuf (15 damage)
             ... on level 3 of the Dungeon.
             The game lasted 00:05:06 (2305 turns).

mandarbmax the Ruffian (Troll Gladiator)            Turns: 2305, Time: 00:05:07

HP:   -8/55 (57)    AC:  4    Str: 23    XL:     6   Next: 47%
MP:   5/5           EV: 10    Int:  7    God:
Gold: 109           SH:  0    Dex: 13    Spells: 5/5 levels left

rFire    . . .     SeeInvis .     - Unarmed
rCold    . . .     Faith    .   (no shield)
rNeg     . . .     Spirit   .   a - +0 robe
rPois    .         Reflect  .   g - +0 hat {Int+3}
rElec    .         Harm     .   (no cloak)
rCorr    .         Rampage  .   (gloves unavailable)
Will     .....                  (boots unavailable)
Stlth    +.........             (no amulet)
HPRegen  1.18/turn              (no ring)
MPRegen  0.09/turn              (no ring)

@: lethally poisoned (-8 -> -9), lightly drained
A: large, unfitting armour, claws 3, regeneration 1, shaggy fur 1, tough skin 1
a: no special abilities


You were on level 3 of the Dungeon.
You visited 1 branch of the dungeon, and saw 3 of its levels.

You collected 109 gold pieces.

Inventory:

Missiles
 c - 3 throwing nets
 k - 3 atropa-tipped darts (quivered)
 m - 3 large rocks
Armour
 a - a +0 robe (worn)
 g - a +0 hat of intelligence (worn)
Wands
 i - a wand of flame (15)
Scrolls
 d - a scroll of enchant armour {unknown}
 e - a scroll of amnesia {unknown}
 h - a scroll of fear {unknown}
 n - a scroll of identify
Potions
 b - a potion of mutation
 f - a potion of curing {unknown}
 l - 2 potions of magic {unknown}
 o - 2 potions of heal wounds {unknown}


   Skills:
 - Level 2.0 Fighting
 - Level 2.0 Throwing
 - Level 3.0 Dodging
 + Level 6.8 Unarmed Combat


You had 5 spell levels left.
You didn't know any spells.
Your spell library contained the following spells:

 Spells                   Type           Power      Damage    Failure   Level
 Slow                     Hex            0%         N/A       56%         2
 Confusing Touch          Hex            0%         N/A       80%         3
 Yara's Violent Unravell  Hex/Tmut       0%         3d3       100%        5


Dungeon Overview and Level Annotations

Branches:
Dungeon (3/15)

Altars:
Ru
Xom

Shops:
D:1 *

Annotations:
D:3 Crazy Yiuf


Innate Abilities, Weirdness & Mutations

You are too large for most types of armour.
You have claws for hands.
Your natural rate of healing is unusually fast.
You are covered in fur. (AC +1)
You have tough skin. (AC +1)


Message History

Unknown command.
You are too confused!
Unknown command.
You are too confused!
Unknown command.
You are too confused!
You bump into the tree.
Crazy Yiuf hits you with a +3 quarterstaff of chaos!
Unknown command.
You bump into the stone wall.
You feel less confused.
Crazy Yiuf is no longer blind.
Crazy Yiuf closely misses you.
You scratch Crazy Yiuf.
Crazy Yiuf is lightly wounded.
Throw: 4 darts (atropa)
Press: ? - help, Q - select action, (/) - cycle Shift-Dir - straight line, f/p - Crazy Yiuf
Aim: Crazy Yiuf, wielding a +3 quarterstaff of chaos and wearing a +0 cloak (lightly wounded, 63% to hit, chance to blind on hit: 80%)
You throw an atropa-tipped dart.
The atropa-tipped dart barely misses Crazy Yiuf.
Crazy Yiuf hits you with a +3 quarterstaff of chaos!
You are poisoned.
Okay, then.
You barely miss Crazy Yiuf.
Crazy Yiuf is lightly wounded.
You feel sick.
Crazy Yiuf whimpers, "Race verde alas!"
Crazy Yiuf hits you with a +3 quarterstaff of chaos.
You feel drained.
As you read the scroll labelled CESULO QAOCSET, it crumbles to dust.
It is a scroll of identify.
b - a potion of mutation You feel sick.
Crazy Yiuf barely misses you.
Okay, then.
As you read the scroll labelled LIHAJU MUSKOT, it crumbles to dust.
You feel aware of your surroundings.
It was a scroll of magic mapping.
You feel sick.
Crazy Yiuf hits you with a +3 quarterstaff of chaos!
* * * LOW HITPOINT WARNING * * *
You are electrocuted!
You die...

#.......<####....####.##..####
####.##### ##..## #.#......#
####.......# ♣....♣ #.#.####.#
........#### ♣♣...♣
##.....##.## ........## ♣♣.♣♣
#.......#... .........### ♣♣.♣
#....#..#### ...........# ♣.♣♣
#.####..# # .........#.# ♣♣.♣
#†#.....# # .........#.# ♣@♣♣
#)#.###.# # ########...# *#g#*
#)#.###)## # #.#.# *...*
#<#...)..### #...# #...#
#[#......... ######.### #)(.#
#.......#### ###.......# #####
#.#.#.#.# #...#####.#
#.#.#.#.# #...#
#.############.#.#.#.#
#...#####.#...#.#.#.#..#.#.#.#


You could see Crazy Yiuf.

Vanquished Creatures
  Grinder (D:3)
  An orc priest (D:3)
  2 orc wizards
  Robin (D:3)
  2 adders (D:2)
  8 orcs (D:3)
  4 bats
  3 endoplasms
  4 giant cockroaches
  11 goblins
  10 hobgoblins
  2 jackals (D:3)
  2 quokkas
  3 ball pythons (D:1)
  2 frilled lizards
  7 kobolds
  3 rats
66 creatures vanquished.

Notes
Turn   | Place    | Note
-------+----------+-------------------------------------------
     0 | D:1      | mandarbmax the Troll Gladiator began the quest for the Orb.
     0 | D:1      | Reached XP level 1. HP: 19/19 MP: 0/0
   271 | D:1      | Reached XP level 2. HP: 28/28 MP: 1/1
   299 | D:1      | Found Odimuyrch's Assorted Antiques.
   886 | D:2      | Found a shimmering altar of Xom.
   904 | D:2      | Found a faded altar of an unknown god.
  1142 | D:2      | Reached XP level 3. HP: 12/35 MP: 2/2
  1630 | D:3      | Reached skill level 4 in Unarmed Combat
  1630 | D:3      | Reached XP level 4. HP: 38/42 MP: 3/3
  1653 | D:3      | Reached skill level 5 in Unarmed Combat
  1661 | D:3      | Reached XP level 5. HP: 48/49 MP: 4/4
  1759 | D:3      | Noticed Grinder
  1769 | D:3      | Killed Grinder
  1770 | D:3      | Reached skill level 6 in Unarmed Combat
  1770 | D:3      | Reached XP level 6. HP: 57/57 MP: 5/5
  1962 | D:3      | Noticed Robin
  1984 | D:3      | Killed Robin
  2016 | D:3      | Found a sacrificial altar of Ru.
  2192 | D:3      | Found a runed translucent door.
  2193 | D:3      | Noticed Crazy Yiuf
  2305 | D:3      | Mangled by Crazy Yiuf

Illustrated notes

Levels and vault maps discovered:
D:1:      psy_arrival_terrarium, layout_basic, serial_shops, shop
D:2:      layout_loops_ring, basic_altar, shapermc_ecumenical_altar_gd
D:3:      layout_basic, lemuel_doored_altar, uniq_robin,
          uniq_crazy_yiuf_cottage, uniq_grinder

Skill      XL: |  1  2  3  4  5 |
---------------+----------------+-----
Throwing       | 2 |  2.0
Fighting       | 2 |  2.0
Dodging        | 3 |  3.0
Unarmed Combat | 4 5 6 |  6.8

Action                   |  1- 3 |  4- 6 || total
-------------------------+-------+-------++-------
Melee: Unarmed           |    66 |    86 ||   152
       Punch             |     2 |     5 ||     7
Throw: Dart              |       |     5 ||     5
  Use: Scroll            |       |     2 ||     2
 Stab: Sleeping          |     2 |       ||     2
       Invisible         |       |     2 ||     2
Armor: Robe              |    16 |    17 ||    33
Dodge: Dodged            |    28 |    35 ||    63
